Testron, chaotic male elven Wizard ---- ---- ---..-- |..-- ----- --.....-- |...-- |.|.-- |..F..-.-- --...| |....| ---...........- |.-.--- |-..-| --.............-- ---- |.....| |....|----- |........---....-- # |...-- ---.-.-----[..--...| |...........^....| #.....| |.......[..).....-- --...^....|...[..| ---..-. ---..------.......| ---[@..........-- |...-- ..-- |.....^..-- |SSS|.....---- ---.--- #|.| |.|.--...-- --- -.--S--...%-------...-- |.| -----|....| -.................%.......| |.| |.|.-- |.......-.----...----...|..------ --|.|--- --|.--| --......... --...| |.--|.))....| ---.|.|..| --.|...-- -.-......-- --..| |..---...--.---........| |.......| ----... ---- |...|..---|............-- |......-- |.... |.....-- ---.......<...| --.....- |..... --...-- |.......--..| ----...| ---.--- ----- --.|.|..| --- --.-- --- -------- -- Testron the Thaumaturge Experience level: 7 Strength: 12 Dexterity: 13 Constitution: 17 Intelligence: 17 Wisdom: 9 Charisma: 11 Health: 0(63) Energy: 6(75) AC: 4 Gold: 1092 Moves: 2651 Your Inventory: Coins $ - 1092 gold pieces Weapons a - a blessed +1 quarterstaff (alternate weapon; not wielded) o - a [blessed +1] silver saber v - an uncursed +0 dagger of reflection (weapon in hand) B - 88 [uncursed +0] arrows C - 28 [cursed -3] arrows F - a [cursed +0] dagger H - 5 [uncursed +0] darts K - 31 uncursed +0 daggers (in quiver) P - an [uncursed +2] elven dagger Armor b - an uncursed +0 cloak of magic resistance (being worn) G - an [uncursed +0] cloak of magic resistance I - a blessed +1 pair of elven boots (being worn) J - a cursed +0 oilskin cloak O - an [uncursed] +0 iron skull cap [orcish helm] (being worn) Y - an [uncursed] +0 pair of old gloves [leather] (being worn) Comestibles p - an [uncursed] carrot q - 3 [uncursed] food rations Scrolls f - 2 [uncursed] unlabeled scrolls [of blank paper] j - a blessed scroll of enchant armor w - an uncursed scroll of genocide x - an uncursed scroll of teleportation y - an uncursed scroll of earth A - an uncursed scroll of enchant weapon E - a [cursed] scroll of remove curse L - a [cursed] scroll labeled ANDOVA BEGARIN [of light] M - an uncursed scroll of confuse monster Q - a [cursed] scroll labeled VE FORBRYDERNE [of destroy armor] S - a [cursed] scroll labeled VERR YED HORRE [of create monster] W - a [cursed] scroll labeled XIXAXA XOXAXA XUXAXA [of charging] Spellbooks h - a [cursed] spellbook of force bolt l - a blessed spellbook of force bolt m - an uncursed spellbook of remove curse X - an uncursed spellbook of sleep Potions g - an uncursed potion of water Rings d - an uncursed +1 ring of adornment (on right hand) e - an uncursed +1 ring of gain constitution (on left hand) U - an uncursed ring of warning Wands c - an uncursed wand of probing (0:7) Tools i - an [uncursed] towel k - an [uncursed] key [skeleton key] n - an uncursed wooden harp R - 5 [uncursed tallow] candles T - an [uncursed] partly used [wax] candle (lit) Gems s - 2 [uncursed] black gems [worthless glass] t - an [uncursed] white gem [opal] z - 2 [uncursed] red gems [worthless glass] N - an [uncursed] yellowish brown gem [worthless glass] V - an [uncursed] yellow gem [worthless glass] Spells known in the end: Name Level Category Fail Memory a - force bolt 1 attack 0% [|||||||.] b - remove curse 3 clerical 92% [|||||||.] c - sleep 1 enchantment 0% [||||||||] Your skills at the end: Fighting Skills Weapon Skills quarterstaff [Basic / Expert] Spellcasting Skills attack spells [Basic / Expert] enchantment spells [Basic / Skilled] Final Attributes: You were piously aligned. Hunger level was 201. Your alignment was 22 / 23. Monster difficulty range was 1 - 6. Level difficulty was 6. You were immune to sleep. You were magic-protected. You saw invisible. You were telepathic. You had infravision. You were adorned. You were stealthy. You had reflection. You were unlucky (-1). You are dead. Vanquished creatures: a ghost a giant spider a water nymph 2 Mordor orcs a rock piercer a pony a shrieker 3 gnome lords a paper golem 2 giant ants a floating eye a kitten 2 dwarves a homunculus a kobold shaman 3 rothes a giant bat 3 werejackals a hobbit 3 manes 3 giant rats a cave spider 3 brown molds a yellow mold 14 gnomes 3 garter snakes 4 geckos 6 jackals a kobold a goblin 3 sewer rats 3 grid bugs a kobold zombie 7 newts 82 creatures vanquished. Voluntary challenges: You used a wielded weapon 56 times. You read items or engraved 7 times. You put on armor 5 times. You never genocided any monsters. You never polymorphed an object. You never changed form. You used no wishes. You wrote Elbereth's name 1 time. You encountered 1 bones level. You never used any Sokoban shortcuts. Dungeon overview: The Dungeons of Doom: levels 1 to 4 Level 1 a fountain a long staircase Level 2 a fountain Level 3 some fountains Level 4 stairs to The Gnomish Mines The Gnomish Mines: levels 5 to 7 Level 5 stairs to The Dungeons of Doom Level 6 <- You were here History has recorded: On T:1 you entered the Dungeons of Doom to retrieve the Amulet of Yendor! On T:371 you reached level 2 of The Dungeons of Doom. On T:574 you advanced to experience level 2. On T:637 you reached level 3 of The Dungeons of Doom. On T:747 you advanced to experience level 3. On T:941 you advanced to experience level 4. On T:1067 you reached level 4 of The Dungeons of Doom. On T:1091 you advanced to experience level 5. On T:1344 you reached level 1 of The Gnomish Mines. On T:1353 you advanced to experience level 6. On T:2042 you reached level 2 of The Gnomish Mines. On T:2267 you advanced to experience level 7. On T:2402 you reached level 3 of The Gnomish Mines. Latest messages: You miss the garter snake. The garter snake bites! (3x) [HP-4=15] You hit the garter snake. The garter snake bites! (2x) The garter snake misses. [HP-1=14] [2 turns] You miss the garter snake. The garter snake bites! (3x) [HP-4=10] You miss the garter snake. You kill the garter snake! The garter snake misses. The garter snake bites! (3x) [HP-4=6] [2 turns] You begin praying to Anhur. [HP+1=7] The garter snake bites! (2x) A garter snake was hidden under a garter snake corpse! The garter snake bites! [HP-6=1] The garter snake bites! You die... Final status: Goodbye Testron the Wizard... You died in The Gnomish Mines on dungeon level 6 with 4359 points, and 1092 pieces of gold, after 2651 moves. You were level 7 with a maximum of 63 hit points when you died.